GULF
BRADENTON SOX @ SARASOTA EAGLES
08/19/1982
 
TOP OF THE 1ST
Bradenton Sox batting - Pitching for Sarasota Eagles : LHP Juan Nieves
Pitching: LHP Juan Nieves
Batting: RHB Dave Coss 0-0: Ball
1-0: Ball
2-0: Ball
3-0: Base on Balls
Batting: RHB Rene Gonzales 0-0: Ball
1-0: Called Strike
1-1: Swinging Strike
1-2: Ball
2-2: Ball
3-2: Foul Ball, location: 2F
3-2: Grounds into double play, 5-4-3 (Groundball, 56, EV 84.4 MPH)
Batting: RHB Dennis Tiefenthaler 0-0: Swinging Strike
0-1: Called Strike
0-2: Ball
1-2: Strikes out swinging
Top of the 1st over - 0 runs, 0 hits, 0 errors, 0 left on base; Bradenton 0 - Sarasota 0
BOTTOM OF THE 1ST
Sarasota Eagles batting - Pitching for Bradenton Sox : LHP Mike King
Pitching: LHP Mike King
Batting: SHB Ramon Sambo 0-0: Foul Ball, location: 2F
0-1: Ball
1-1: Foul Ball, location: 2F
1-2: Ball
2-2: Ball
3-2: Foul Ball, location: 2F
3-2: Base on Balls
Batting: SHB Todd Mabe 0-0: Called Strike
0-1: Swinging Strike
0-2: Fielders Choice at 2nd, 6-4 (Groundball, 6, EV 81.9 MPH)
Batting: RHB Thomas Brassil 0-0: Ball
1-0: Called Strike
1-1: Ball
2-1: Ball
3-1: Fly out, F2 (Popup, 25F, EV 75.0 MPH)
Batting: RHB Darrin Jackson 0-0: Ball
1-0: Called Strike
1-1: Foul Ball, location: 2F
1-2: Strikes out swinging
Bottom of the 1st over - 0 runs, 0 hits, 0 errors, 1 left on base; Bradenton 0 - Sarasota 0
TOP OF THE 2ND
Bradenton Sox batting - Pitching for Sarasota Eagles : LHP Juan Nieves
Batting: RHB Dave Hoeksema 0-0: Foul Ball, location: 2F
0-1: Foul Ball, location: 2F
0-2: Ball
1-2: Fly out, F8 (Flyball, 78D, EV 100.6 MPH)
Batting: RHB William Murray 0-0: Ball
1-0: Swinging Strike
1-1: Swinging Strike
1-2: Ball
2-2: Strikes out swinging
Batting: SHB Thomas Colburn 0-0: Ball
1-0: Ball
2-0: Fly out, F9 (Flyball, 9LM, EV 90.0 MPH)
Top of the 2nd over - 0 runs, 0 hits, 0 errors, 0 left on base; Bradenton 0 - Sarasota 0
BOTTOM OF THE 2ND
Sarasota Eagles batting - Pitching for Bradenton Sox : LHP Mike King
Batting: RHB Jose Estrada 0-0: Foul Ball, location: 2F
0-1: SINGLE (Flyball, 89S, EV 90.0 MPH)
Batting: RHB Matt Stark 0-0: Swinging Strike
0-1: Ball
1-1: Ball
2-1: Ball
3-1: Foul Ball, location: 2F
3-2: Strikes out looking
Batting: RHB Terry Schriner 0-0: Called Strike
0-1: Ball
1-1: Ball
2-1: Swinging Strike
2-2: Foul Ball, location: 2F
2-2: Ball
Jose Estrada steals 2nd base
3-2: Base on Balls
Batting: LHB Dave Martinez 0-0: Ball
1-0: Called Strike
1-1: Called Strike
1-2: Ball
2-2: Ball
3-2: Base on Balls
Jose Estrada to third
Terry Schriner to second
Batting: LHB Jesus Mercado 0-0: Swinging Strike
0-1: Ball
1-1: Ball
2-1: Ball
3-1: Fly out, F8 (Line Drive, 8LD, EV 106.9 MPH)
Runner from 3rd tags up, SCORES, no throw by CF
Batting: SHB Ramon Sambo 0-0: Called Strike
0-1: Fly out, F4 (Popup, 4S, EV 70.0 MPH)
Bottom of the 2nd over - 1 run, 1 hit, 0 errors, 2 left on base; Bradenton 0 - Sarasota 1
TOP OF THE 3RD
Bradenton Sox batting - Pitching for Sarasota Eagles : LHP Juan Nieves
Batting: RHB Dennis Keating 0-0: Ball
1-0: Ball
2-0: SINGLE (Line Drive, 4M, EV 98.8 MPH)
Batting: RHB Robert Parr 0-0: Ball
1-0: Foul Ball, location: 2F
1-1: Foul Ball, location: 2F
1-2: Ball
Dennis Keating is caught stealing 2nd base 2-4
2-2: Foul Ball, location: 2F
2-2: Ball
3-2: DOUBLE (Flyball, 89XD, EV 97.5 MPH)
Batting: RHB Anthony Biafore 0-0: Ball
1-0: Called Strike
1-1: Ball
2-1: Ball
3-1: SINGLE (Line Drive, 56D, EV 102.5 MPH)
Robert Parr to third
Batting: RHB Dave Coss 0-0: Foul Ball, location: 2F
0-1: Foul Ball, location: 2F
0-2: Foul Ball, location: 2F
0-2: Ball
1-2: Ball
2-2: Ball
3-2: Fly out, F4 (Line Drive, 4, EV 65.0 MPH)
Batting: RHB Rene Gonzales 0-0: Swinging Strike
0-1: Ball
1-1: Ball
2-1: Swinging Strike
2-2: Strikes out swinging
Top of the 3rd over - 0 runs, 3 hits, 0 errors, 2 left on base; Bradenton 0 - Sarasota 1
BOTTOM OF THE 3RD
Sarasota Eagles batting - Pitching for Bradenton Sox : LHP Mike King
Batting: SHB Todd Mabe 0-0: Ball
1-0: Called Strike
1-1: Swinging Strike
1-2: Ball
2-2: Ball
3-2: Base on Balls
Batting: RHB Thomas Brassil 0-0: Called Strike
0-1: Ball
1-1: Ball
2-1: Foul Ball, location: 2F
2-2: Grounds into double play, 1-4-3 (Groundball, 15S, EV 67.5 MPH)
Batting: RHB Darrin Jackson 0-0: Foul Ball, location: 2F
0-1: Fly out, F5 (Popup, 5SF, EV 90.0 MPH)
Bottom of the 3rd over - 0 runs, 0 hits, 0 errors, 0 left on base; Bradenton 0 - Sarasota 1
TOP OF THE 4TH
Bradenton Sox batting - Pitching for Sarasota Eagles : LHP Juan Nieves
Batting: RHB Dennis Tiefenthaler 0-0: Ball
1-0: SINGLE (Line Drive, 8LS, EV 100.6 MPH)
Batting: RHB Dave Hoeksema 0-0: Called Strike
0-1: Ball
1-1: SINGLE (Groundball, 6M, EV 81.3 MPH) (infield hit)
Dennis Tiefenthaler to second
Batting: RHB William Murray 0-0: Ball
1-0: Ball
2-0: Ball
3-0: Base on Balls
Dennis Tiefenthaler to third
Dave Hoeksema to second
Batting: SHB Thomas Colburn 0-0: Called Strike
0-1: Ball
1-1: Ball
2-1: Foul Ball, location: 2F
2-2: Grounds into double play, 5-4-3 (Groundball, 56, EV 84.4 MPH)
Dennis Tiefenthaler scores
Dave Hoeksema to third
Batting: RHB Dennis Keating 0-0: Ball
1-0: Fly out, F8 (Flyball, 89D, EV 101.9 MPH)
Top of the 4th over - 1 run, 2 hits, 0 errors, 1 left on base; Bradenton 1 - Sarasota 1
BOTTOM OF THE 4TH
Sarasota Eagles batting - Pitching for Bradenton Sox : LHP Mike King
Batting: RHB Jose Estrada 0-0: Foul Ball, location: 2F
0-1: Ball
1-1: Swinging Strike
1-2: Ball
2-2: Fly out, F8 (Flyball, 8LM, EV 87.5 MPH)
Batting: RHB Matt Stark 0-0: Ball
1-0: Ball
2-0: Called Strike
2-1: Ground out 5-3 (Groundball, 56S, EV 67.5 MPH)
Batting: RHB Terry Schriner 0-0: Ball
1-0: Swinging Strike
1-1: Ball
2-1: Called Strike
2-2: Foul Ball, location: 2F
2-2: Ball
3-2: Base on Balls
Batting: LHB Dave Martinez 0-0: Ball
1-0: Ball
2-0: Ground out 4-3 (Groundball, 4, EV 86.3 MPH)
Bottom of the 4th over - 0 runs, 0 hits, 0 errors, 1 left on base; Bradenton 1 - Sarasota 1
TOP OF THE 5TH
Bradenton Sox batting - Pitching for Sarasota Eagles : LHP Juan Nieves
Batting: RHB Robert Parr 0-0: Ball
1-0: Ball
2-0: SINGLE (Groundball, 56D, EV 96.3 MPH)
Batting: RHB Anthony Biafore 0-0: Bunted foul
0-1: Ball
1-1: Ball
2-1: Bunted foul
2-2: Ball
3-2: Strikes out looking
Robert Parr steals 2nd base (no throw)
Batter strikes out.
Batting: RHB Dave Coss 0-0: Called Strike
0-1: Ball
1-1: Swinging Strike
1-2: Strikes out swinging
Batting: RHB Rene Gonzales 0-0: Ball
1-0: Foul Ball, location: 2F
1-1: Ball
2-1: Called Strike
2-2: Ball
3-2: Foul Ball, location: 2F
3-2: Base on Balls
Batting: RHB Dennis Tiefenthaler 0-0: Foul Ball, location: 2F
0-1: Foul Ball, location: 2F
0-2: Ball
1-2: Strikes out looking
Top of the 5th over - 0 runs, 1 hit, 0 errors, 2 left on base; Bradenton 1 - Sarasota 1
BOTTOM OF THE 5TH
Sarasota Eagles batting - Pitching for Bradenton Sox : LHP Mike King
Batting: LHB Jesus Mercado 0-0: Ball
1-0: Called Strike
1-1: Ball
2-1: Ground out 1-3 (Groundball, 34S, EV 77.5 MPH)
Batting: SHB Ramon Sambo 0-0: Ball
1-0: Ball
2-0: Called Strike
2-1: Swinging Strike
2-2: Foul Ball, location: 2F
2-2: Ball
3-2: Ground out 5-3 (Groundball, 5, EV 86.3 MPH)
Batting: SHB Todd Mabe 0-0: SINGLE (Flyball, 3D, EV 96.9 MPH)
Batting: RHB Thomas Brassil 0-0: Ball
Todd Mabe is caught stealing 2nd base 2-4
Bottom of the 5th over - 0 runs, 1 hit, 0 errors, 0 left on base; Bradenton 1 - Sarasota 1
TOP OF THE 6TH
Bradenton Sox batting - Pitching for Sarasota Eagles : LHP Juan Nieves
Batting: RHB Dave Hoeksema 0-0: Ball
1-0: Ground out 5-3 (Groundball, 56S, EV 81.9 MPH)
Pitching: RHP Ricky Rodriguez
Batting: RHB William Murray 0-0: Called Strike
0-1: Fly out, F7 (Line Drive, 7, EV 96.3 MPH)
Batting: SHB Thomas Colburn 0-0: Ball
1-0: Called Strike
1-1: Ball
2-1: Foul Ball, location: 2F
2-2: Ball
3-2: Foul Ball, location: 2F
3-2: Foul Ball, location: 2F
3-2: Foul Ball, location: 2F
3-2: Fly out, F8 (Flyball, 8RM, EV 76.3 MPH)
Top of the 6th over - 0 runs, 0 hits, 0 errors, 0 left on base; Bradenton 1 - Sarasota 1
BOTTOM OF THE 6TH
Sarasota Eagles batting - Pitching for Bradenton Sox : LHP Mike King
Batting: RHB Thomas Brassil 0-0: Called Strike
0-1: Ball
1-1: Foul Ball, location: 2F
1-2: Strikes out swinging
Batting: RHB Darrin Jackson 0-0: Ball
1-0: Ground out 4-3 (Groundball, 4, EV 100.0 MPH)
Batting: RHB Jose Estrada 0-0: Ball
1-0: Swinging Strike
1-1: Ball
2-1: Swinging Strike
2-2: Fly out, F8 (Line Drive, 8RM, EV 98.1 MPH)
Bottom of the 6th over - 0 runs, 0 hits, 0 errors, 0 left on base; Bradenton 1 - Sarasota 1
TOP OF THE 7TH
Bradenton Sox batting - Pitching for Sarasota Eagles : RHP Ricky Rodriguez
Batting: RHB Dennis Keating 0-0: Ball
1-0: Ball
2-0: Foul Ball, location: 2F
2-1: Foul Ball, location: 2F
2-2: Fly out, F6 (Popup, P, EV 80.0 MPH)
Batting: RHB Robert Parr 0-0: Foul Ball, location: 2F
0-1: Fly out, F9 (Flyball, 9S, EV 90.6 MPH)
Batting: RHB Anthony Biafore 0-0: Called Strike
0-1: Ball
1-1: Ground out U3 (Groundball, 34, EV 82.5 MPH)
Top of the 7th over - 0 runs, 0 hits, 0 errors, 0 left on base; Bradenton 1 - Sarasota 1
BOTTOM OF THE 7TH
Sarasota Eagles batting - Pitching for Bradenton Sox : LHP Mike King
Batting: RHB Matt Stark 0-0: Ball
1-0: Foul Ball, location: 2F
1-1: Foul Ball, location: 2F
1-2: Ground out 4-3 (Groundball, 4, EV 84.4 MPH)
Batting: RHB Terry Schriner 0-0: Ball
1-0: Fly out, F9 (Flyball, 9LM, EV 89.4 MPH)
Batting: LHB Dave Martinez 0-0: Called Strike
0-1: Ball
1-1: Ball
2-1: Ball
3-1: Base on Balls
Batting: LHB Jesus Mercado 0-0: Fly out, F8 (Flyball, 8RD, EV 87.5 MPH)
Bottom of the 7th over - 0 runs, 0 hits, 0 errors, 1 left on base; Bradenton 1 - Sarasota 1
TOP OF THE 8TH
Bradenton Sox batting - Pitching for Sarasota Eagles : RHP Ricky Rodriguez
Batting: RHB Dave Coss 0-0: Foul Ball, location: 2F
0-1: Called Strike
0-2: Strikes out swinging
Batting: RHB Rene Gonzales 0-0: Ball
1-0: Called Strike
1-1: Called Strike
1-2: Fly out, F6 (Line Drive, 6, EV 66.9 MPH)
Batting: RHB Dennis Tiefenthaler 0-0: Swinging Strike
0-1: Ball
1-1: Ball
2-1: Foul Ball, location: 2F
2-2: Fly out, F9 (Flyball, 9LM, EV 96.9 MPH)
Top of the 8th over - 0 runs, 0 hits, 0 errors, 0 left on base; Bradenton 1 - Sarasota 1
BOTTOM OF THE 8TH
Sarasota Eagles batting - Pitching for Bradenton Sox : LHP Mike King
Batting: SHB Ramon Sambo 0-0: Foul Ball, location: 2F
0-1: Foul Ball, location: 2F
0-2: Ground out 6-3 (Groundball, 6, EV 80.6 MPH)
Batting: SHB Todd Mabe 0-0: Ground out 4-3 (Groundball, 4MD, EV 101.3 MPH)
Batting: RHB Thomas Brassil 0-0: Ground out 4-3 (Groundball, 4M, EV 85.6 MPH)
Bottom of the 8th over - 0 runs, 0 hits, 0 errors, 0 left on base; Bradenton 1 - Sarasota 1
TOP OF THE 9TH
Bradenton Sox batting - Pitching for Sarasota Eagles : RHP Ricky Rodriguez
Pitching: RHP Charlie Corbell
Batting: RHB Dave Hoeksema 0-0: Fly out, F7 (Flyball, 7LS, EV 90.6 MPH)
Batting: RHB William Murray 0-0: Called Strike
0-1: Ball
1-1: Foul Ball, location: 2F
1-2: Foul Ball, location: 2F
1-2: Strikes out looking
Batting: SHB Thomas Colburn 0-0: Ball
1-0: Swinging Strike
1-1: Swinging Strike
1-2: Strikes out swinging
Top of the 9th over - 0 runs, 0 hits, 0 errors, 0 left on base; Bradenton 1 - Sarasota 1
BOTTOM OF THE 9TH
Sarasota Eagles batting - Pitching for Bradenton Sox : LHP Mike King
Pitching: RHP Barry Govero
Batting: LHB Ricky Lemon 0-0: Ball
1-0: Ball
2-0: Fly out, F9 (Line Drive, 9, EV 91.9 MPH)
Pinch Hitting: LHB John Metasavage 0-0: Ball
1-0: Called Strike
1-1: Ball
2-1: Ball
3-1: Ground out U3 (Groundball, 3L, EV 105.6 MPH)
Batting: RHB Matt Stark 0-0: Foul Ball, location: 2F
0-1: Ball
1-1: SINGLE (Line Drive, 89S, EV 100.0 MPH)
Batting: RHB Terry Schriner 0-0: Ball
1-0: Ground out 1-3 (Groundball, 15S, EV 64.4 MPH)
Bottom of the 9th over - 0 runs, 1 hit, 0 errors, 1 left on base; Bradenton 1 - Sarasota 1
TOP OF THE 10TH
Bradenton Sox batting - Pitching for Sarasota Eagles : RHP Charlie Corbell
Now at 1B: John Metasavage
Batting: RHB Dennis Keating 0-0: Called Strike
0-1: Ball
1-1: Ball
2-1: Swinging Strike
2-2: Ball
3-2: Strikes out looking
Batting: RHB Robert Parr 0-0: Foul Ball, location: 2F
0-1: Ball
1-1: Foul Ball, location: 2F
1-2: Ball
2-2: Strikes out looking
Batting: RHB Anthony Biafore 0-0: Swinging Strike
0-1: TRIPLE (Flyball, 78XD, EV 100.6 MPH)
Pinch Hitting: RHB Andre Wood 0-0: Ball
1-0: Swinging Strike
1-1: Ball
2-1: Foul Ball, location: 2F
2-2: Ground out 5-3 (Groundball, 56S, EV 70.6 MPH)
Top of the 10th over - 0 runs, 1 hit, 0 errors, 1 left on base; Bradenton 1 - Sarasota 1
BOTTOM OF THE 10TH
Sarasota Eagles batting - Pitching for Bradenton Sox : RHP Barry Govero
Now in LF: Andre Wood
Batting: LHB Dave Martinez 0-0: Swinging Strike
0-1: Ball
1-1: Ball
2-1: Foul Ball, location: 2F
2-2: Ball
3-2: Fly out, F8 (Flyball, 8RM, EV 93.1 MPH)
Pinch Hitting: RHB Gary Appino 0-0: Ball
1-0: Called Strike
1-1: Ball
2-1: Called Strike
2-2: Foul Ball, location: 2F
2-2: Strikes out swinging
Batting: SHB Ramon Sambo 0-0: Foul Ball, location: 2F
0-1: Ball
1-1: Called Strike
1-2: Ball
2-2: Ball
3-2: Strikes out swinging
Bottom of the 10th over - 0 runs, 0 hits, 0 errors, 0 left on base; Bradenton 1 - Sarasota 1
TOP OF THE 11TH
Bradenton Sox batting - Pitching for Sarasota Eagles : RHP Charlie Corbell
Now in CF: Kevin Johnston
Batting: RHB Rene Gonzales 0-0: Swinging Strike
0-1: Ball
1-1: Ball
2-1: Ball
3-1: Fly out, F9 (Flyball, 9S, EV 87.5 MPH)
Batting: RHB Dennis Tiefenthaler 0-0: Ground out 3-1 (Groundball, 34S, EV 86.3 MPH)
Batting: RHB Dave Hoeksema 0-0: Called Strike
0-1: Ball
1-1: Fly out, F8 (Line Drive, 8RM, EV 95.6 MPH)
Top of the 11th over - 0 runs, 0 hits, 0 errors, 0 left on base; Bradenton 1 - Sarasota 1
BOTTOM OF THE 11TH
Sarasota Eagles batting - Pitching for Bradenton Sox : RHP Barry Govero
Batting: SHB Todd Mabe 0-0: Ball
1-0: Foul Ball, location: 2F
1-1: Foul Ball, location: 2F
1-2: Ball
2-2: Reached on error, E7 (Flyball, 7, EV 88.8 MPH)
Batting: RHB Thomas Brassil 0-0: Called Strike
0-1: Foul Ball, location: 2F
0-2: Ball
1-2: Strikes out looking
Pitching: RHP Ronald Nero
Batting: LHB Ricky Lemon 0-0: Called Strike
0-1: SINGLE (Line Drive, 8LS, EV 92.5 MPH)
Todd Mabe to second
Batting: LHB John Metasavage 0-0: Swinging Strike
0-1: Called Strike
0-2: Ball
1-2: Strikes out looking
Batting: RHB Matt Stark 0-0: Ball
1-0: Foul Ball, location: 2F
1-1: Ball
2-1: Called Strike
2-2: Ball
3-2: SINGLE (Groundball, 34D, EV 105.0 MPH)
Todd Mabe to third
Ricky Lemon to second
Todd Mabe scores
Bottom of the 11th over - 1 run, 2 hits, 1 error, 0 left on base; Bradenton 1 - Sarasota 2
Monday, August 24th, 2020 - OOTP Baseball 21.5 Build 76